 Dungeon Crawl Stone Soup version 0.18-a0-1523-gbe15c29 (webtiles) character file.

14 4thArraOfDagon the Skirmisher (level 2, 0/24 HPs)
             Began as a Mummy Chaos Knight on Mar 7, 2016.
             Slain by a giant gecko (5 damage)
             ... on level 1 of the Dungeon.
             The game lasted 00:01:00 (125 turns).

4thArraOfDagon the Skirmisher (Mummy Chaos Knight)   Turns: 125, Time: 00:01:00

Health: 0/24       AC:  5    Str: 20    XL:     2   Next: 27%
Magic:  2/2        EV: 11    Int: 11    God:    Xom [.*....]
Gold:   18         SH:  0    Dex: 11    Spells: 0 memorised, 1 level left

rFire  x . .     SeeInvis .     a - +0 falchion (chaos)
rCold  + . .     Gourm    .     b - +2 leather armour
rNeg   + + +     Faith    .     (no shield)
rPois  ∞         Spirit   .     (no helmet)
rElec  .         Dismiss  .     (no cloak)
rCorr  .         Reflect  .     (no gloves)
SustAt .         Harm     .     (no boots)
MR     .....     Rnd*Tele +     (no amulet)
Stlth  +.........               (no ring)
                                c - ring of teleportation (curse)

@: mighty, not resistant to hostile enchantments, very unstealthy
A: no food or potions, fire vulnerability, cold resistance 1, negative energy
resistance 3, torment resistance, unbreathing
a: Renounce Religion


You were on level 1 of the Dungeon.
You worshipped Xom.
You were a plaything of Xom.
You were not hungry.

You visited 1 branch of the dungeon, and saw 1 of its levels.

You collected 18 gold pieces.

Inventory:

Hand Weapons
 a - a +0 falchion of chaos (weapon)
Armour
 b - a +2 leather armour (worn)
Jewellery
 c - a cursed ring of teleportation (left hand)


   Skills:
 - Level 3.0 Fighting
 * Level 2.7 Long Blades
 + Level 1.7 Armour
 * Level 1.2 Dodging


You had one spell level left.
You didn't know any spells.

Dungeon Overview and Level Annotations

Branches:
Dungeon (1/15)

Altars:


Innate Abilities, Weirdness & Mutations

You do not eat or drink.
Your flesh is vulnerable to fire.
You are immune to poison.
Your flesh is cold resistant.
You are immune to negative energy.
You are immune to unholy pain and torment.
You can survive without breathing.


Message History

The giant newt bites you but does no damage.
The giant newt misses you.
You hit the giant newt.
You kill the giant newt!
You feel a little less agile now.
Found a stone staircase leading down.
A giant gecko comes into view.
The giant gecko closely misses you.
You miss the giant gecko. The giant gecko bites you.
* * * LOW HITPOINT WARNING * * *
Unknown command.
You hit the giant gecko.
The giant gecko is poisoned.
The giant gecko is severely wounded.
The giant gecko barely misses you.
Unknown command.
You barely miss the giant gecko.
The giant gecko is almost dead.
The giant gecko bites you.
You die... "Huh?
Did I miss anything?"

.# #.# ..#
###..####
#####.......
#.....#...
#.....#.##
#.....@..#
#....##l.#
#....+ ..#
##.#######
#....# #..>
..........
###'## ##..
.........#
#.#
.####.#####.#
#.. . #......
#### #
##.###.#
........


You could see a giant gecko.

Vanquished Creatures
  A river rat (shapeshifter) (D:1)
  A goblin (D:1)
  A hobgoblin (D:1)
  2 giant newts (D:1)
  A rat (D:1)
6 creatures vanquished.

Notes
Turn   | Place    | Note
--------------------------------------------------------------
     0 | D:1      | 4thArraOfDagon the Mummy Chaos Knight began the quest for the Orb.
     0 | D:1      | Reached XP level 1. HP: 18/18 MP: 1/1
     7 | D:1      | XOM: silly message
    17 | D:1      | Noticed a jelly
    17 | D:1      | a gnoll changed into a jelly
    23 | D:1      | XOM: potion effect (brilliance)
    28 | D:1      | Noticed a hound
    28 | D:1      | a jelly changed into a hound
    40 | D:1      | XOM: potion effect (heal wounds)
    41 | D:1      | XOM: potion effect (agility)
    42 | D:1      | Noticed an iguana
    42 | D:1      | a hound changed into an iguana
    44 | D:1      | XOM: harmless Fire miscast
    51 | D:1      | XOM: potion effect (might)
    55 | D:1      | Noticed a killer bee
    55 | D:1      | an iguana changed into a killer bee
    58 | D:1      | a killer bee changed into a river rat
    59 | D:1      | XOM: butterfly on damage
    60 | D:1      | Reached skill level 1 in Dodging
    60 | D:1      | Reached XP level 2. HP: 2/24 MP: 2/2
   125 | D:1      | Slain by a giant gecko

Vault maps used:
D:1:      lightli_iron_boxes, nrook_loot_triangle, wad_floor_pattern_1,
          serial_bayou_pond_a, grunt_decor_mini_mirrors

Skill      XL: |  1 |
---------------+----+-----
Dodging        | 1 |  1.2
Fighting       | |  3.0
Long Blades    | |  2.7
Armour         | |  1.7

Action                   || total
-------------------------++-------
Melee: Falchion          ||    30
 Stab: Petrified         ||     1
